 Dungeon Crawl Stone Soup version 0.29.0-4-gdea44cf6ec (webtiles) character file.

Game seed: 11223484688714728318

5355 yokelz the Basher (level 10, -1/84 HPs)
             Began as a Minotaur Fighter on Aug 27, 2022.
             Was an Elder of Sif Muna.
             Slain by a two-headed ogre
             ... wielding a +0 giant spiked club
              (9 damage)
             ... on level 8 of the Dungeon.
             The game lasted 00:10:00 (9054 turns).

yokelz the Basher (Minotaur Fighter)                Turns: 9054, Time: 00:10:00

Health: -1/84      AC: 16    Str: 26    XL:     10   Next: 38%
Magic:  0/15       EV:  9    Int:  5    God:    Sif Muna [****..]
Gold:   417        SH:  0    Dex: 11    Spells: 9/9 levels left

rFire   . . .      SeeInvis .   p - +2 whip (elec)
rCold   + . .      Faith    .   (no shield)
rNeg    . . .      Spirit   +   v - +0 plate armour
rPois   .          Reflect  .   (helmet restricted)
rElec   .          Harm     .   n - +1 cloak
rCorr   +          Rampage  .   (no gloves)
Will    .....                   G - +0 pair of boots
Stlth   ..........              h - amulet of guardian spirit
HPRegen 0.24/turn               s - ring "Ehaz" {rC+ rCorr Str+2 Stlth+}
MPRegen 0.14/turn               (no ring)

@: no status effects
A: horns 2, retaliatory headbutt
a: Renounce Religion, Channel Magic, Forget Spell, Divine Exegesis


You were on level 8 of the Dungeon.
You worshipped Sif Muna.
Sif Muna was greatly pleased with you.
You visited 1 branch of the dungeon, and saw 8 of its levels.

You collected 604 gold pieces.
You spent 187 gold pieces at shops.

Inventory:

Hand Weapons
 a - a +0 flail
 p - a +2 whip of electrocution (weapon)
 I - a +0 spear
Missiles
 B - 10 poisoned darts (quivered)
 H - 3 throwing nets
Armour
 b - a +0 scale mail
 c - a +0 buckler
 n - a +1 cloak (worn)
 v - a +0 plate armour (worn)
 G - a +0 pair of boots (worn)
Jewellery
 h - an amulet of guardian spirit (around neck)
 l - a ring of positive energy
 s - the ring "Ehaz" (left hand) {rC+ rCorr Str+2 Stlth+}
   (You found it on level 4 of the Dungeon)

   [ring of resist corrosion]

   Str:       It affects your strength (+2).
   rC:        It protects you from cold.
   rCorr:     It protects you from acid and corrosion.
   Stlth:     It makes you more stealthy.
Wands
 x - a wand of flame (21)
Scrolls
 e - 3 scrolls of teleportation
 f - a scroll of enchant weapon {unknown}
 m - 2 scrolls of fear {unknown}
 o - 5 scrolls of butterflies
 q - 2 scrolls of torment {unknown}
 r - a scroll of summoning {unknown}
 u - a scroll of silence {unknown}
 y - 3 scrolls of amnesia {unknown}
 z - a scroll of blinking {unknown}
 A - a scroll of poison {unknown}
 C - 2 scrolls of enchant armour {unknown}
 D - a scroll of noise {unknown}
 F - a scroll of immolation {unknown}
 J - a scroll of magic mapping {unknown}
 L - a scroll of identify
Potions
 d - a potion of might
 g - 2 potions of curing
 i - 2 potions of cancellation
 j - 2 potions of resistance
 k - 4 potions of flight
 t - 5 potions of heal wounds
 w - a potion of haste
 E - a potion of mutation {unknown}
 K - 2 potions of brilliance {unknown}


   Skills:
 - Level 6.8 Fighting
 - Level 12.0 Maces & Flails
 - Level 6.8 Armour
 - Level 5.1 Dodging
 - Level 3.6 Shields
 + Level 8.5 Invocations


You had 9 spell levels left.
You didn't know any spells.
Your spell library contained the following spells:

 Spells                   Type           Power      Damage    Failure   Level
 Magic Dart               Conj           0%         1d3       99%         1
 Call Imp                 Summ           0%         N/A       100%        2
 Ensorcelled Hibernation  Hex/Ice        0%         N/A       100%        2
 Passwall                 Tmut/Erth      0%         N/A       100%        2
 Static Discharge         Conj/Air       0%         3-3/arc   100%        2
 Confusing Touch          Hex            0%         N/A       100%        3
 Conjure Flame            Conj/Fire      0%         6-21      100%        3
 Ignite Poison            Fire/Tmut/Pois 0%         N/A       100%        3
 Mephitic Cloud           Conj/Pois/Air  0%         N/A       100%        3
 Swiftness                Air            0%         N/A       100%        3
 Passage of Golubria      Tloc           0%         N/A       100%        4
 Sticky Flame             Conj/Fire      0%         2d3       100%        4
 Lightning Bolt           Conj/Air       0%         1d11      100%        5
 Silence                  Hex/Air        0%         N/A       100%        5
 Yara's Violent Unravell  Hex/Tmut       0%         3d3       100%        5
 Enfeeble                 Hex            0%         N/A       100%        7
 Lehudib's Crystal Spear  Conj/Erth      0%         10d2      100%        8
 Maxwell's Capacitive Co  Air            0%         ∞         100%        8


Dungeon Overview and Level Annotations

Branches:
Dungeon (8/15)             Temple (0/1) D:6
   Lair: D:8-11

Altars:
Okawaru
Sif Muna
Vehumet
Wu Jian
Yredelemnul
Zin

Shops:
D:4 *   D:5 !   D:7 [


Innate Abilities, Weirdness & Mutations

You have a pair of horns on your head.
You reflexively headbutt those who attack you in melee.


Message History

Sif Muna accepts your kill.
No target in view!
No target in view!
No target in view!
No target in view!
No target in view!
You start resting.
Magic restored.
HP restored.
A steam dragon comes into view.
Okay, then.
A two-headed ogre comes into view.
It is wielding a +0 giant spiked club and a +0 giant club.
The two-headed ogre shouts in stereo!
The steam dragon breathes steam at you. The ball of steam hits you!
You hit the steam dragon. Your headbutt misses the steam dragon.
The steam dragon is lightly wounded.
You are engulfed in a cloud of scalding steam.
You closely miss the steam dragon. You headbutt the steam dragon.
The steam dragon is lightly wounded.
You are engulfed in a cloud of scalding steam.
You barely miss the two-headed ogre.
You begin accumulating electric charge. (Press . to continue charging.)
You feel charge building up...
You feel charge building up...
The two-headed ogre hits you with a +0 giant spiked club!
The two-headed ogre hits you with a +0 giant club.
You feel charge building up...
The two-headed ogre hits you with a +0 giant spiked club!
The two-headed ogre closely misses you.
You feel charge building up...
You feel charge building up...
The two-headed ogre hits you with a +0 giant spiked club.
The two-headed ogre hits you with a +0 giant club!
You feel charge building up...
The two-headed ogre hits you with a +0 giant spiked club!!
* * * LOW HITPOINT WARNING * * *
The two-headed ogre hits you with a +0 giant club!
You die...

###########.##.#
...............#
.....######.####
####.######.# #
#........#
####.########
.....# ####.#
############ #.#
#...@OD..... #.#
#.########## #.#
#.# #.########.#
#..........#
############


You could see a two-headed ogre and a steam dragon.

Vanquished Creatures
  Sigmund (D:6)
  12 yaks
  Menkaure (D:6)
  2 water moccasins
  4 black bears
  An ice beast (D:6)
  3 ogres
  A centaur (D:5)
  4 kobold brigands
  3 bullfrogs
  A necrophage (D:4)
  2 gnoll sergeants (D:8)
  9 scorpions
  A wight (D:7)
  4 killer bees (D:7)
  5 orc priests
  A gnoll bouda (D:7)
  3 jellies
  2 hounds
  5 iguanas
  Natasha (thrice) (D:2)
  3 orc wizards
  15 gnolls
  4 adders
  A shadow imp (D:6)
  A white imp (D:6)
  An ufetubus (D:6)
  A worm (D:2)
  4 dart slugs
  28 orcs
  5 ball pythons
  5 endoplasms
  3 giant cockroaches
  4 goblins
  10 hobgoblins
  43 kobolds
  5 quokkas
  17 bats
  6 frilled lizards
  11 rats
235 creatures vanquished.

Vanquished Creatures (others)
  A shadow imp (D:7)
  3 fungi (D:4)
  10 plants (D:8)
14 creatures vanquished.

Grand Total: 249 creatures vanquished

Notes
Turn   | Place    | Note
-------+----------+-------------------------------------------
     0 | D:1      | yokelz the Minotaur Fighter began the quest for the Orb.
     0 | D:1      | Reached XP level 1. HP: 19/19 MP: 0/0
   186 | D:1      | Reached skill level 3 in Maces & Flails
   301 | D:1      | Reached XP level 2. HP: 19/26 MP: 1/1
   651 | D:1      | Reached skill level 4 in Maces & Flails
   771 | D:1      | Reached XP level 3. HP: 23/31 MP: 2/2
   946 | D:1      | Found a faded altar of an unknown god.
   949 | D:1      | Prayed at the altar of an unknown god.
   949 | D:1      | Became a worshipper of Sif Muna the Loreminder
   949 | D:1      | Reached * piety under Sif Muna
  1438 | D:2      | Reached skill level 5 in Maces & Flails
  1653 | D:2      | Noticed Natasha
  1662 | D:2      | Killed Natasha
  1663 | D:2      | Reached XP level 4. HP: 21/39 MP: 0/3
  1693 | D:2      | Noticed Natasha
  1737 | D:2      | Killed Natasha
  1738 | D:2      | Reached skill level 6 in Maces & Flails
  1742 | D:2      | Noticed Natasha
  1747 | D:2      | Killed Natasha
  1748 | D:2      | Reached XP level 5. HP: 11/45 MP: 1/4
  2248 | D:3      | Reached ** piety under Sif Muna
  2486 | D:3      | Reached skill level 7 in Maces & Flails
  2575 | D:3      | Found a glowing silver altar of Zin.
  3151 | D:3      | Noticed an ogre
  3158 | D:3      | Killed an ogre
  3159 | D:3      | Reached skill level 8 in Maces & Flails
  3159 | D:3      | Reached XP level 6. HP: 34/51 MP: 3/5
  3660 | D:4      | Reached skill level 9 in Maces & Flails
  3666 | D:4      | Reached XP level 7. HP: 50/57 MP: 4/6
  3793 | D:4      | Reached skill level 10 in Maces & Flails
  4135 | D:4      | Identified the ring "Ehaz" {rC+ rCorr Str+2 Stlth+}
  4420 | D:4      | Reached skill level 1 in Dodging
  4469 | D:4      | Found an ornate altar of the Wu Jian Council.
  4598 | D:4      | Found Oneniczy's Assorted Antiques.
  4601 | D:4      | Bought a murky pink potion for 20 gold pieces
  4601 | D:4      | Bought a scroll labelled FOG JOYGHYDUZ for 23 gold pieces
  4601 | D:4      | Bought a scroll labelled EGIUSCH SORHYE for 23 gold pieces
  4711 | D:5      | Entered Level 5 of the Dungeon
  4711 | D:5      | Found Coata's Distillery.
  4714 | D:5      | Bought a potion of curing for 33 gold pieces
  4714 | D:5      | Bought a potion of heal wounds for 55 gold pieces
  4714 | D:5      | Bought a potion of curing for 33 gold pieces
  4731 | D:5      | Reached XP level 8. HP: 52/66 MP: 5/7
  4802 | D:5      | Found a shimmering blue altar of Sif Muna.
  4804 | D:5      | Found a basalt altar of Yredelemnul.
  4875 | D:5      | Reached *** piety under Sif Muna
  4902 | D:5      | Reached skill level 11 in Maces & Flails
  4908 | D:5      | Reached skill level 5 in Fighting
  4908 | D:5      | Reached skill level 5 in Armour
  4954 | D:5      | Reached **** piety under Sif Muna
  6268 | D:6      | Reached XP level 9. HP: 75/75 MP: 8/8
  6314 | D:6      | Noticed Sigmund
  6326 | D:6      | Killed Sigmund
  6547 | D:6      | Found a staircase to the Ecumenical Temple.
  6597 | D:6      | Noticed Menkaure
  6608 | D:6      | Killed Menkaure
  6765 | D:6      | Found an iron altar of Okawaru.
  6880 | D:6      | Reached skill level 5 in Dodging
  7186 | D:7      | Reached skill level 12 in Maces & Flails
  7231 | D:7      | Reached skill level 1 in Invocations
  7823 | D:7      | Found a radiant altar of Vehumet.
  7833 | D:7      | Reached skill level 5 in Invocations
  7934 | D:7      | Found Damehihac's Armour Shoppe.
  8282 | D:7      | Reached XP level 10. HP: 23/84 MP: 5/13
  9043 | D:8      | Noticed a two-headed ogre
  9054 | D:8      | Slain by a two-headed ogre

Illustrated notes

Levels and vault maps discovered:
D:1:      giann_wishing_wells, layout_basic,
          shapermc_ecumenical_altar_mp_vishouse, minmay_misc_feat_cross
D:2:      layout_rooms, uniq_natasha
D:3:      layout_basic, mainiacjoe_overflow_chevrons, serial_bayou_ford_a
D:4:      old_forge, layout_loops_ring, nicolae_wu_jian_immortal_techniques,
          serial_shops, kennysheep_mini_moat
D:5:      minmay_goblin_kobold_castle, layout_loops_ring,
          grunt_temple_overflow_open, serial_shops, shop
D:6:      layout_loops_ring, overflow_temple_1_default,
          minmay_temple_entry_statues, uniq_sigmund, uniq_menkaure,
          uniq_crazy_yiuf_cottage
D:7:      layout_rooms, fiery_altar_vehumet, serial_shops,
          nicolae_shop_statue_plus, minmay_fractal_squares_5
D:8:      layout_loops_ring, lair_entry_dummy, nicolae_grassy_gnolls

Skill      XL: |  1  2  3  4  5  6  7  8  9 10 |
---------------+-------------------------------+-----
Maces & Flails | 3 4 5 6 8 9 10 11 12 | 12.0
Fighting       | 4 6 |  6.8
Dodging        | 1 4 5 |  5.1
Armour         | 4 6 |  6.8
Invocations    | 6 8 |  8.5
Shields        | |  3.6

Action                   |  1- 3 |  4- 6 |  7- 9 | 10-12 || total
-------------------------+-------+-------+-------+-------++-------
Melee: Flail             |    91 |    85 |       |       ||   176
       Headbutt          |    13 |    17 |    56 |    16 ||   102
       Punch             |       |     1 |     5 |       ||     6
       Whip              |       |    18 |   375 |    57 ||   450
 Cast: Maxwell's Capacit |       |       |       |     1 ||     1
Invok: Divine Exegesis   |       |       |       |     1 ||     1
  Use: Scroll            |       |       |     7 |       ||     7
 Stab: Held in net/web   |       |       |     2 |       ||     2
Armor: Scale mail        |    60 |    38 |    19 |       ||   117
       Plate armour      |       |       |   161 |    12 ||   173
Dodge: Dodged            |    55 |    53 |   104 |    16 ||   228
